 Dungeon Crawl Stone Soup version 0.30.2 (webtiles) character file.

Game seed: 11080479908376323352

317 YotangoBango the Covert (level 6, 0/42 HPs)
             Began as a Gnoll Wanderer on Mar 1, 2024.
             Was a Believer of Hepliaklqana.
             Slain by Pikel
             ... wielding a +2 whip of freezing
              (1 damage)
             ... on level 4 of the Dungeon.
             The game lasted 00:29:14 (3989 turns).

YotangoBango the Covert (Gnoll Wanderer)            Turns: 3989, Time: 00:29:14

Health: 0/42       AC:  8    Str: 19    XL:     6   Next: 45%
Magic:  11/11      EV: 11    Int:  8    God:    Hepliaklqana [**....]
Gold:   134        SH:  5    Dex:  9    Spells: 8/12 levels left

rFire   . . .        a - +3 dagger
rCold   . . .        (no shield)
rNeg    . . .        f - +0 leather armour
rPois   .            q - +0 helmet
rElec   .            (no cloak)
rCorr   .            (no gloves)
SInv    .            (no boots)
Will    .....        h - amulet of reflection
Stlth   +++          j - +4 ring of protection
HPRegen 0.27/turn    (no ring)
MPRegen 0.12/turn

%: reflection
@: invisible
A: reduced essence, fangs 1, strong nose, distributed training
a: Renounce Religion, Ancestor Life: Knight, Ancestor Life: Battlemage, Ancestor
Life: Hexer, Recall Ancestor, Ancestor Identity


You were on level 4 of the Dungeon.
You worshipped Hepliaklqana.
Hepliaklqana was pleased with you.
You visited 1 branch of the dungeon, and saw 4 of its levels.

You collected 134 gold pieces.

Inventory:

Hand Weapons
 a - a +3 dagger (weapon)
Armour
 f - a +0 leather armour (worn)
 q - a +0 helmet (worn)
Jewellery
 h - an amulet of reflection (around neck)
 j - a +4 ring of protection (left hand)
Wands
 s - a wand of iceblast (15)
Scrolls
 g - 2 scrolls of fog
 o - a scroll of teleportation {unknown}
 p - a scroll of magic mapping
Potions
 b - a potion of degeneration {unknown}
 c - a potion of lignification
 i - a potion of haste
 l - 2 potions of invisibility
 m - a potion of brilliance {unknown}
 n - a potion of attraction {unknown}
Miscellaneous
 d - a piece from Xom's chessboard (15/15) (quivered)


   Skills:
 + Level 3.3 Fighting
 + Level 2.0 Short Blades
 + Level 2.0 Long Blades
 + Level 2.0 Axes
 + Level 2.0 Maces & Flails
 + Level 2.0 Polearms
 + Level 2.0 Staves
 + Level 2.0 Ranged Weapons
 + Level 2.0 Throwing
 + Level 2.0 Armour
 + Level 2.0 Dodging
 + Level 8.0 Stealth
 + Level 2.0 Shields
 + Level 3.3 Unarmed Combat
 + Level 3.5 Spellcasting
 + Level 1.6 Conjurations
 + Level 1.6 Hexes
 + Level 1.6 Summonings
 + Level 1.6 Necromancy
 + Level 1.6 Translocations
 + Level 1.6 Transmutations
 + Level 1.6 Fire Magic
 + Level 1.6 Ice Magic
 + Level 1.6 Air Magic
 + Level 1.6 Earth Magic
 + Level 1.6 Poison Magic
 + Level 2.2 Invocations
 + Level 6.8 Evocations


You had 8 spell levels left.
You knew the following spells:

 Your Spells              Type           Power      Damage    Failure   Level
a - Ozocubu's Armour      Ice            4%         N/A       50%         3
b - Necrotise             Necr           16%        1d4       19%         1

Your spell library contained the following spells:

 Spells                   Type           Power      Damage    Failure   Level
 Foxfire                  Conj/Fire      16%        2x1d4     19%         1
 Vampiric Draining        Necr           4%         2d6       50%         3
 Agony                    Necr           4%         N/A       99%         5
 Blade Hands              Tmut           2%         N/A       99%         5
 Fireball                 Conj/Fire      2%         3d4       99%         5
 Irradiate                Conj/Tmut      2%         3d12      99%         5
 Plasma Beam              Fire/Air       2%         2x1d13    100%        6
 Starburst                Conj/Fire      2%         6d3       100%        6
 Dragon Form              Tmut           2%         N/A       100%        7
 Ozocubu's Refrigeration  Ice            2%         4d7       100%        7


Dungeon Overview and Level Annotations

Branches:
Dungeon (4/15)
 Temple: D:4-7

Altars:
Elyvilon
Hepliaklqana
Makhleb
Okawaru
Zin

Annotations:
D:4 Pikel


Innate Abilities, Weirdness & Mutations

Your life essence is reduced to manifest your ancestor. (-10% HP)
You have very sharp teeth.
Your uncanny sense of smell can sniff out nearby items.
Your experience applies equally to all skills.


Message History

The orc wizard hits something with a +0 dagger.
The lemure hits you but does no damage. You block the hobgoblin's attack.
Pikel barely misses you. The kobold completely misses your orc.
The lemure hits your orc priest.
As you read the scroll labelled MEHYFAOMUY, it crumbles to dust.
It is a scroll of amnesia.
Okay, then.
Your orc wizard closely misses the hobgoblin.
Your kobold hits the lemure with a +0 dagger.
Your orc barely misses the kobold.
Your orc priest hits the lemure with a +0 hand axe.
Your orc priest hits the hobgoblin with a +0 hand axe.
Your orc priest hits Pikel but does no damage.
The orc wizard barely misses something.
The lemure hits you.
* * * LOW HITPOINT WARNING * * *
The hobgoblin hits you.
* * * LOW HITPOINT WARNING * * *
Pikel hits you with a +2 whip of freezing.
* * * LOW HITPOINT WARNING * * *
Pikel freezes you.
* * * LOW HITPOINT WARNING * * *
The kobold barely misses your orc. The lemure hits your orc priest.
Are you sure you want to remember your ancestor as a battlemage?
Okay, then.
You fade into invisibility!
Your orc hits the kobold with a +0 whip.
The kobold dies!
Your orc wizard hits the hobgoblin with a +0 dagger.
Your kobold hits the lemure but does no damage.
Your orc priest hits the lemure with a +0 hand axe.
Your orc priest hits the hobgoblin with a +0 hand axe.
The hobgoblin dies!
Your orc priest hits Pikel but does no damage.
The lemure hits your kobold!
Your kobold dies!
Your kobold's corpse dissolves into shadows!
Pikel hits you with a +2 whip of freezing.
* * * LOW HITPOINT WARNING * * *
Pikel freezes you.
You die...

### ##.## ##5o.##
#@.oo.#
##Ko.######
#.###5........ ..
#.....##########.
#.#### #####.#
#.55. .... ##o##
#.#.# ... ##§..##
#.#.# #.###
##§.§.§## #.#.##
# #.#(##
##.§§§.§§##
##.#...


You could see Pikel (unable to see you, ally target), 2 lemures, a friendly orc
priest (summoned), a friendly orc wizard (summoned) and 2 friendly orcs.

Vanquished Creatures
  Sigmund (D:3)
  3 adders
  A worm (D:2)
  5 dart slugs
  An orc (D:4)
  4 endoplasms
  4 giant cockroaches
  2 hobgoblins
  A quokka (D:2)
  5 ball pythons
  5 bats
  2 frilled lizards
  5 goblins
  5 kobolds
  5 rats
49 creatures vanquished.

Vanquished Creatures (collateral kills)
  Natasha (twice) (D:3)
  An adder (D:4)
  An orc (D:4)
  3 ball pythons (D:2)
  An endoplasm (D:3)
  A goblin (D:4)
  2 hobgoblins
  2 kobolds
  A quokka (D:2)
  A rat (D:3)
15 creatures vanquished.

Vanquished Creatures (others)
  An ancestor (D:4)
1 creature vanquished.

Grand Total: 65 creatures vanquished

Notes
Turn   | Place    | Note
-------+----------+-------------------------------------------
     0 | D:1      | YotangoBango the Gnoll Wanderer began the quest for the
                  | Orb.
     0 | D:1      | YotangoBango set off with the following items: a +2 dagger,
                  | a potion of heal wounds, a potion of lignification, a piece
                  | from Xom's chessboard (15/15), a scroll of summoning, a +0
                  | leather armour.
     0 | D:1      | Reached XP level 1. HP: 17/17 MP: 4/4
   252 | D:1      | Reached XP level 2. HP: 23/23 MP: 5/5
   901 | D:1      | Reached XP level 3. HP: 28/28 MP: 7/7
  1461 | D:2      | Learned a level 3 spell: Ozocubu's Armour
  1520 | D:2      | Learned a level 1 spell: Necrotise
  1575 | D:2      | Reached skill level 1 in Invocations
  1662 | D:2      | Reached skill level 1 in Short Blades
  1662 | D:2      | Reached skill level 1 in Long Blades
  1662 | D:2      | Reached skill level 1 in Axes
  1662 | D:2      | Reached skill level 1 in Maces & Flails
  1662 | D:2      | Reached skill level 1 in Polearms
  1662 | D:2      | Reached skill level 1 in Staves
  1662 | D:2      | Reached skill level 1 in Ranged Weapons
  1662 | D:2      | Reached skill level 1 in Throwing
  1662 | D:2      | Reached skill level 1 in Armour
  1662 | D:2      | Reached skill level 1 in Dodging
  1662 | D:2      | Reached skill level 1 in Shields
  1669 | D:2      | Found a faded altar of an unknown god.
  1687 | D:2      | Prayed at the altar of an unknown god.
  1687 | D:2      | Became a worshipper of Hepliaklqana the Forgotten
  1687 | D:2      | Reached * piety under Hepliaklqana
  1866 | D:2      | Reached XP level 4. HP: 23/30 MP: 8/8
  2261 | D:3      | Noticed Sigmund
  2278 | D:3      | HP: 1/30 [something (8)]
  2292 | D:3      | Killed Sigmund
  2293 | D:3      | Reached skill level 8 in Stealth
  2293 | D:3      | Reached skill level 1 in Conjurations
  2293 | D:3      | Reached skill level 1 in Hexes
  2293 | D:3      | Reached skill level 1 in Summonings
  2293 | D:3      | Reached skill level 1 in Necromancy
  2293 | D:3      | Reached skill level 1 in Translocations
  2293 | D:3      | Reached skill level 1 in Transmutations
  2293 | D:3      | Reached skill level 1 in Fire Magic
  2293 | D:3      | Reached skill level 1 in Ice Magic
  2293 | D:3      | Reached skill level 1 in Air Magic
  2293 | D:3      | Reached skill level 1 in Earth Magic
  2293 | D:3      | Reached skill level 1 in Poison Magic
  2293 | D:3      | Reached XP level 5. HP: 7/36 MP: 8/10
  2293 | D:3      | Reached XP level 6. HP: 9/42 MP: 8/11
  2688 | D:3      | Reached ** piety under Hepliaklqana
  2722 | D:3      | Found a white marble altar of Elyvilon.
  2804 | D:3      | Noticed Natasha
  2827 | D:3      | Killed Natasha
  3073 | D:3      | Noticed Natasha
  3081 | D:3      | Killed Natasha
  3431 | D:3      | Found a glowing silver altar of Zin.
  3431 | D:3      | Found a burning altar of Makhleb.
  3432 | D:3      | Noticed a blizzard demon
  3432 | D:3      | Noticed an angel
  3831 | D:4      | Found an iron altar of Okawaru.
  3953 | D:4      | Noticed Pikel
  3989 | D:4      | HP: 1/42 [Pikel/+2 whip of freezing (3)]
  3989 | D:4      | Slain by Pikel

Illustrated notes

Levels and vault maps discovered:
D:1:      wander_arrival_chamber, layout_basic, chequers_mini_garden,
          nicolae_hexahallways, minmay_tetromino_l4
D:2:      layout_loops_ring, ebering_ecumenical_altar_hall,
          chequers_serial_rivers_micro_c, grunt_ministairs_7,
          kennysheep_cross_room
D:3:      layout_basic, grunt_temple_overflow_order_and_chaos_2,
          nicolae_elyvilon_peaceful_grove, uniq_natasha, uniq_sigmund
D:4:      layout_loops_corners, kennysheep_okawaru_gauntlet,
          nicolae_shop_gadgets, uniq_pikel

Skill      XL: |  1  2  3  4  5  6 |
---------------+-------------------+-----
Invocations    | 1 2 |  2.2
Short Blades   | 1 2 |  2.0
Long Blades    | 1 2 |  2.0
Axes           | 1 2 |  2.0
Maces & Flails | 1 2 |  2.0
Polearms       | 1 2 |  2.0
Staves         | 1 2 |  2.0
Ranged Weapons | 1 2 |  2.0
Throwing       | 1 2 |  2.0
Armour         | 1 2 |  2.0
Dodging        | 1 2 |  2.0
Shields        | 1 2 |  2.0
Spellcasting   | 3 |  3.5
Fighting       | 3 |  3.3
Stealth        | 8 |  8.0
Unarmed Combat | 3 |  3.3
Conjurations   | 1 |  1.6
Hexes          | 1 |  1.6
Summonings     | 1 |  1.6
Necromancy     | 1 |  1.6
Translocations | 1 |  1.6
Transmutations | 1 |  1.6
Fire Magic     | 1 |  1.6
Ice Magic      | 1 |  1.6
Air Magic      | 1 |  1.6
Earth Magic    | 1 |  1.6
Poison Magic   | 1 |  1.6
Evocations     | |  6.8

Action                     |  1- 3 |  4- 6 || total
---------------------------+-------+-------++-------
  Melee: Dagger            |   111 |   143 ||   254
         Bite              |     5 |    21 ||    26
         Punch             |     1 |    12 ||    13
 Invoke: Ancestor Identity |     1 |       ||     1
    Use: Scroll            |     3 |     8 ||    11
         Potion            |       |     2 ||     2
   Stab: Sleeping          |    17 |     6 ||    23
 Armour: Leather armour    |    31 |    39 ||    70
  Dodge: Dodged            |    27 |    49 ||    76
  Block: Other             |    17 |    21 ||    38
